 Dungeon Crawl Stone Soup version 0.31-a0-865-g3d5d91748a (webtiles) character file.

Game seed: 17618820946991067453

95 ytrimaz the Sneak (level 4, 0/42 HPs)
             Began as an Octopode Shapeshifter on Oct 10, 2023.
             Succumbed to a scorpion's poison
             ... on level 2 of the Dungeon.
             The game lasted 00:01:55 (1022 turns).

ytrimaz the Sneak (Octopode Shapeshifter)           Turns: 1022, Time: 00:01:56

Health: 0/42       AC: 22    Str: 12    XL:     4   Next: 66%
Magic:  4/4        EV:  2    Int: 16    God:
Gold:   43         SH:  0    Dex: 12    Spells: 3/3 levels left

rFire   . .          .
                       - Unarmed
rCold   . . .        (no shield)
rNeg    . . .        (helmet currently unavailable)
rPois   +            (no amulet)
rElec   .            d - ring of willpower
rCorr   .            (no ring)
SInv    .            (no ring)
Will    +....        (no ring)
Stlth   +++          (no ring)
HPRegen 0.27/turn    (no ring)
MPRegen 0.09/turn    (no ring)
                     (no ring)

%: no passive effects
@: lethally poisoned (0 -> -4), tree-form
A: stationary, stasis, torment immunity, boosted hp, almost no armour,
(amphibious), 8 rings, (camouflage 1), (gelatinous body 1), (nimble swimmer 1),
(tentacles), (tentacle spike 1), clever 1, (electricity resistance)
a: no special abilities


You were on level 2 of the Dungeon.
You were a tree.
You visited 1 branch of the dungeon, and saw 2 of its levels.

You collected 43 gold pieces.


Innate Abilities, Weirdness & Mutations

You are a tree.
Your roots penetrate the ground, keeping you stationary.
You cannot be teleported.
You are immune to unholy pain and torment.
Your maximum health is greatly increased.
You cannot wear most types of armour.
((You are amphibious.))
You can wear up to eight rings at the same time.
((Your skin changes colour to match your surroundings (Stealth+).))
((Your rubbery body absorbs attacks. (AC +1, EV +1)))
((You are camouflaged when in or above water. (Stealth+)))
((You have tentacles for arms and can constrict up to eight enemies at once.))
((One of your tentacles bears a spike.))
Your mind is acute. (Int +4, Str/Dex -1)
((You are resistant to electric shocks. (rElec)))


   Skills:
 - Level 1.0 Fighting
 - Level 2.0 Dodging
 * Level 6.0 Stealth
 - Level 3.0 Unarmed Combat
 - Level 3.0 Shapeshifting


You had 3 spell levels left.
You didn't know any spells.
Your spell library was empty.

Inventory:

Jewellery
 d - a ring of willpower (left branch)
   (You found it on level 1 of the Dungeon)
Talismans
 b - a beast talisman
 c - a flux talisman
Scrolls
 e - a scroll of identify {unknown}

Dungeon Overview and Level Annotations

Branches:
Dungeon (2/15) Zot: 10983

Altars:

### ### ... #..# ###. #.#
#.#.# #.. ... #.#.# #####
####.# #.#[.$# #...< #....#
##w#.# #.... #....# #.#♣#.#
#.... #....######....#..
#######....
#.............................
#....########.############....
#....##.......# ##......
#..>..........## ######..#....
######........................
##.......#########.....#.
####.......†.#######..####.


You could see a dart slug.


Message History

You barely miss the kobold. Your grab misses the kobold.
The kobold closely misses you. 😕 HP[+1]
You tentacle-slap the kobold.
You kill the kobold!
Unknown command.
Things that are here:
a +0 short sword; 11 stones No target in view!
Things that are here:
a +0 short sword; 11 stones You now have 43 gold pieces (gained 14).
You see here a rat corpse.
f - a bubbling pink potion 😎 HP[+3]
Your hp is fully restored (23).
A giant cockroach comes into view.
A giant cockroach is nearby!
A giant cockroach is nearby!
Found a stone staircase leading down.
A giant cockroach is nearby!
A giant cockroach is nearby!
A giant cockroach is nearby!
The helpless giant cockroach fails to defend itself.
You tentacle-slap the giant cockroach.
You kill the giant cockroach!
Unknown command.
No target in view!
A scorpion comes into view.
A scorpion is nearby!
A scorpion is nearby!
A dart slug comes into view.
There are monsters nearby!
The dart slug launches a dart at you. The slug dart hits you. 😕 HP[-4]
You take 4 damage, and now have 19/23 hp. 😕 HP[+1]
The helpless scorpion fails to defend itself.
You tentacle-slap the scorpion. You grab the scorpion.
You squeeze the scorpion, but do no damage.
You constrict the scorpion. The scorpion stings you!
The dart slug launches a dart at you. The slug dart hits you.
* * * LOW HITPOINT WARNING * * *
😨 HP[-12]
You take 12 damage, and now have 8/23 hp.
MASSIVE DAMAGE!! (PAUSE)
You tentacle-slap the scorpion but do no damage.
You squeeze the scorpion. You constrict the scorpion. The scorpion stings you.
* * * LOW HITPOINT WARNING * * *
You are lethally poisoned!
The scorpion poisons you!
The scorpion stings you but does no damage. 😨 HP[-1]
You take 1 damage, and now have 7/23 hp.
Your transformation has ended.
You turn into a tree.
Your roots penetrate the ground.
You lose your grip on the scorpion.
* * * LOW HITPOINT WARNING * * *
You feel very sick.
The dart slug bites you but does no damage.
The scorpion stings you but does no damage. 😱 HP[+1]
You now have 34 max hp (+11).
Unknown command.
You hit the scorpion but do no damage.
* * * LOW HITPOINT WARNING * * *
You feel very sick.
The scorpion stings you but does no damage.
The dart slug bites you but does no damage. 😱 HP[-3]
You take 3 damage, and now have 5/34 hp.
You hit the scorpion.
* * * LOW HITPOINT WARNING * * *
You feel sick.
The scorpion stings you but does no damage.
Unknown command. 😱 HP[-1]
You take 1 damage, and now have 4/34 hp.
You smack the scorpion!
You kill the scorpion!
* * * LOW HITPOINT WARNING * * *
You feel sick. The dart slug bites you.
* * * LOW HITPOINT WARNING * * *
Your Stealth skill gained 2 levels and is now at level 6!
You have reached level 4! 😱 HP[-2] MP[+1]
You now have 42 max hp (+8).
Your mp is fully restored (4).
It was a potion of mutation.
You feel extremely strange.
You feel insulated.
One of your lower tentacles grows a sharp spike.
You feel clever.
* * * LOW HITPOINT WARNING * * *
You feel sick.
The dart slug bites you but does no damage. 😱 HP[-1]
You take 1 damage, and now have 1/42 hp.
You smack the dart slug!
You die...

Skill      XL: |  1  2  3 |
---------------+----------+-----
Stealth        | 2 3 6 |  6.0
Fighting       | |  1.0
Dodging        | |  2.0
Unarmed Combat | |  3.0
Shapeshifting  | |  3.0

Action                     |  1- 3 |  4- 6 || total
---------------------------+-------+-------++-------
  Melee: Unarmed           |    75 |     1 ||    76
         Constrict         |    20 |       ||    20
         Tentacles         |    11 |       ||    11
         Punch             |     2 |       ||     2
    Use: Potion            |     1 |     1 ||     2
   Stab: Sleeping          |    12 |       ||    12
 Armour: Skin              |    32 |     1 ||    33
  Dodge: Dodged            |    38 |       ||    38

Levels and vault maps discovered:
D:1:      lightli_arrival_isolated_outpost, layout_basic,
          lexackson_kobold_supper
D:2:      minmay_spotlight, layout_rooms, minmay_tiny_reverse_x, uniq_robin

Notes
Turn   | Place    | Note
-------+----------+-------------------------------------------
     0 | D:1      | ytrimaz the Octopode Shapeshifter began the quest for the
                  | Orb.
     0 | D:1      | Reached XP level 1. HP: 13/13 MP: 1/1
     0 | D:1      | magus.rc [v1.9.6]
   153 | D:1      | Reached skill level 1 in Stealth
   265 | D:1      | Reached skill level 2 in Stealth
   267 | D:1      | Reached XP level 2. HP: 18/18 MP: 2/2
   368 | D:1      | Reached skill level 3 in Stealth
   668 | D:1      | Reached XP level 3. HP: 23/23 MP: 3/3
   830 | D:1      | Reached skill level 4 in Stealth
  1010 | D:2      | Noticed a scorpion
  1017 | D:2      | HP: 8/34 [poisoned by a scorpion]
  1020 | D:2      | Killed a scorpion
  1020 | D:2      | HP: 2/34 [poisoned by a scorpion]
  1021 | D:2      | Reached skill level 6 in Stealth
  1021 | D:2      | Reached XP level 4. HP: 2/28 MP: 4/4
  1021 | D:2      | Gained mutation: You are resistant to electric shocks.
                  | (rElec) [potion of mutation]
  1021 | D:2      | Gained mutation: One of your tentacles bears a spike.
                  | [potion of mutation]
  1021 | D:2      | Gained mutation: Your mind is acute. (Int +4, Str/Dex -1)
                  | [potion of mutation]
  1022 | D:2      | Succumbed to a scorpion's poison

Vanquished Creatures
  A scorpion (D:2)
  3 bats (D:1)
  2 endoplasms (D:1)
  2 giant cockroaches
  4 hobgoblins (D:1)
  9 kobolds
  A quokka (D:2)
  6 ball pythons
  4 frilled lizards (D:1)
  3 goblins (D:1)
  4 rats
39 creatures vanquished.

Table legend:
 A = Non-vault XP
 B = Vault XP
 C = Vault XP percentage of total XP
 D = Non-vault monster count
 E = Vault monster count
 F = Vault count percentage of total count
                 A         B        C        D         E       F
            +---------+---------+-------+---------+---------+-------
      Total |      44 |      93 |  67.9 |      30 |       9 |  23.1
            +---------+---------+-------+---------+---------+-------
        D:1 |      36 |      10 |  21.7 |      24 |       8 |  25.0
        D:2 |       8 |      83 |  91.2 |       6 |       1 |  14.3
            +---------+---------+-------+---------+---------+-------

Skill      XL: |  1  2  3 |
---------------+----------+-----
Stealth        | 2 3 6 |  6.0
Fighting       | |  1.0
Dodging        | |  2.0
Unarmed Combat | |  3.0
Shapeshifting  | |  3.0

Action                     |  1- 3 |  4- 6 || total
---------------------------+-------+-------++-------
  Melee: Unarmed           |    75 |     1 ||    76
         Constrict         |    20 |       ||    20
         Tentacles         |    11 |       ||    11
         Punch             |     2 |       ||     2
    Use: Potion            |     1 |     1 ||     2
   Stab: Sleeping          |    12 |       ||    12
 Armour: Skin              |    32 |     1 ||    33
  Dodge: Dodged            |    38 |       ||    38

Illustrated notes

Table legend:
 A = Kills in this place as a percentage of kills in the entire game.
 B = Kills by you in this place as a percentage of kills by you in the entire game.
 C = Kills by friends in this place as a percentage of kills by friends in the entire game.
 D = Other kills in this place as a percentage of other kills in the entire game.
 E = Experience gained in this place as a percentage of experience gained in the entire game.
 F = Experience gained in this place divided by the number of levels of this place that you have seen.
                   A       B       C       D       E      F
               +-------+-------+-------+-------+-------+----------------------
         Total | 100.0 | 100.0 |   N/A |   N/A | 100.0 |  68.5
       Dungeon | 100.0 | 100.0 |   N/A |   N/A | 100.0 |  68.5
               +-------+-------+-------+-------+-------+----------------------

Table legend: (Time is in decaauts)
 A = Elapsed time spent in this place.
 B = Non-inter-level travel time spent in this place.
 C = Inter-level travel time spent in this place.
 D = Time resting spent in this place.
 E = Time spent auto-exploring this place.
 F = Levels seen in this place.
 G = Mean time per level.
                   A        B        C        D        E       F      G
               +--------+--------+--------+--------+--------+-----+--------+
         Total |   1016 |    967 |     49 |      0 |    749 |   2 |  508.0 |
       Dungeon |   1016 |    967 |     49 |      0 |    749 |   2 |  508.0 |
               +--------+--------+--------+--------+--------+-----+--------+

Top non-repeatable levels by time:
     D:1: 913 daAuts
     D:2: 103 daAuts
